 Dungeon Crawl Stone Soup version 0.29-a0-1052-g6990b1bffc (webtiles) character file.

Game seed: 17716728507255647175

2172 spaghetti the Trooper (level 9, 0/83 (93) HPs)
             Began as an Ogre Earth Elementalist on Aug 18, 2022.
             Was an Initiate of Gozag.
             Slain by Pikel
             ... wielding a +2 whip of freezing
              (4 damage)
             ... on level 8 of the Dungeon.
             The game lasted 00:14:52 (9670 turns).

spaghetti the Trooper (Ogre Earth Elementalist)     Turns: 9670, Time: 00:14:53

HP:   0/83 (93)     AC:  8    Str: 14    XL:     9   Next: 32%
MP:   2/18          EV:  9    Int: 26    God:    Gozag
Gold: 274           SH:  0    Dex:  9    Spells: 1/21 levels left

rFire   + . .      SeeInvis .   z - +3 dagger (elec) {short}
rCold   . . .      Faith    .   (no shield)
rNeg    . . .      Spirit   .   a - +0 robe
rPois   .          Reflect  .   p - +2 hat
rElec   .          Harm     .   P - +2 cloak
rCorr   .          Rampage  .   (gloves unavailable)
Will    .....                   (boots unavailable)
Stlth   +.........              F - amulet of regeneration {@e2}
HPRegen 1.03/turn               u - +6 ring of intelligence
MPRegen 0.16/turn               n - ring of protection from fire

@: heavily drained
A: large, unfitting armour, tough skin 1
a: Renounce Religion, Potion Petition, Call Merchant, Bribe Branch


You were on level 8 of the Dungeon.
You worshipped Gozag.
Gozag was aware of your devotion.
You visited 2 branches of the dungeon, and saw 9 of its levels.

You collected 960 gold pieces.
You spent 317 gold pieces at shops.
You paid 369 gold pieces to Gozag.


Innate Abilities, Weirdness & Mutations

You are too large for most types of armour.
You have tough skin. (AC +1)


   Skills:
 * Level 7.2 Fighting
 * Level 4.0 Armour
 - Level 1.7 Dodging
 - Level 1.4 Stealth
 * Level 6.5 Spellcasting
 + Level 2.3 Conjurations
 + Level 2.2 Summonings
 + Level 2.5 Transmutations
 * Level 5.8 Earth Magic


You had one spell level left.
You knew the following spells:

 Your Spells              Type           Power      Damage    Failure   Level
a - Sandblast             Erth           76%        2d16      1%          1
b - Stone Arrow           Conj/Erth      58%        3d10      3%          3
c - Petrify               Tmut/Erth      30%        N/A       12%         4
d - Animate Armour        Summ/Erth      58%        N/A       13%         4
e - Irradiate             Conj/Tmut      10%        3d15      56%         5
f - Call Canine Familiar  Summ           19%        N/A       8%          3

Your spell library contained the following spells:

 Spells                   Type           Power      Damage    Failure   Level
 Passwall                 Tmut/Erth      25%        N/A       1%          2
 Static Discharge         Conj/Air       14%        3-5/arc   6%          2
 Ensorcelled Hibernation  Hex/Ice        16%        N/A       10%         2
 Sublimation of Blood     Necr           8%         N/A       10%         2
 Spider Form              Tmut/Pois      15%        N/A       12%         3
 Portal Projectile        Hex/Tloc       16%        N/A       21%         3
 Leda's Liquefaction      Hex/Erth       11%        N/A       21%         4
 Sticky Flame             Conj/Fire      14%        2d4       38%         4
 Anguish                  Hex/Necr       4%         N/A       54%         4
 Dispel Undead            Necr           8%         3d8       54%         4
 Blade Hands              Tmut           10%        N/A       54%         5
 Iron Shot                Conj/Erth      14%        9d4       88%         6

Inventory:

Hand Weapons
 c - a +0 dagger {short}
   (You took it off a goblin on level 1 of the Dungeon)
 i - a +0 dagger {short}
   (You took it off a goblin on level 1 of the Dungeon)
 l - a +0 dagger {short}
   (You took it off a kobold on level 1 of the Dungeon)
 q - a +0 dagger {short}
   (You found it on level 2 of the Dungeon)
 s - a +0 sling
   (You found it on level 2 of the Dungeon)
 t - a +0 dagger {short}
   (You took it off a kobold on level 2 of the Dungeon)
 x - a +0 mace {mace}
   (You found it on level 2 of the Dungeon)
 y - a +1 dagger of venom {short}
   (You took it off a kobold on level 2 of the Dungeon)
 z - a +3 dagger of electrocution (weapon) {short}
   (You took it off a goblin on level 2 of the Dungeon)
Missiles
 h - 29 poisoned darts {throwing}
 m - 55 stones {throwing}
 w - 2 curare-tipped darts {=fthrowing}
 I - a throwing net {=f!fthrowing}
 S - a boomerang {throwing}
Armour
 a - a +0 robe (worn)
 p - a +2 hat (worn)
   (You bought it in a shop on level 1 of the Dungeon)
 P - a +2 cloak (worn)
   (You bought it in a shop on level 4 of the Dungeon)
Magical Staves
 J - a staff of poison {!astaff}
   (You found it on level 5 of the Dungeon)
Jewellery
 n - a ring of protection from fire (right hand)
   (You found it on level 4 of the Dungeon)
 u - a +6 ring of intelligence (left hand)
   (You took it off a kobold on level 2 of the Dungeon)
 F - an amulet of regeneration (around neck) {@e2}
   (You took it off an orc on level 4 of the Dungeon)
 H - an amulet of guardian spirit
   (You found it on level 4 of the Dungeon)
Wands
 C - a wand of flame (13)
   (You found it on level 3 of the Dungeon)
 D - a wand of mindburst (14)
   (You found it on level 4 of the Dungeon)
 M - a wand of digging (4)
   (You found it on level 6 of the Dungeon)
 Q - a wand of acid (13)
   (You found it on level 7 of the Dungeon)
 U - a wand of polymorph (11)
   (You found it on level 8 of the Dungeon)
Scrolls
 f - 2 scrolls of magic mapping {!r}
 j - a scroll of summoning
 k - 3 scrolls of noise {!r}
 A - 5 scrolls of teleportation {@r4}
 B - 3 scrolls of poison {!r}
 E - 3 scrolls of silence {!r}
 O - a scroll of enchant armour
 R - 2 scrolls of amnesia
 T - a scroll of identify {@r1}
Potions
 b - 3 potions of magic
 d - 5 potions of flight
 e - 5 potions of heal wounds {@q2}
 g - 3 potions of curing {@q1}
 o - 4 potions of cancellation {unknown}
 r - a potion of ambrosia {unknown}
 v - a potion of might {unknown}
 G - a potion of brilliance {unknown}
 K - a potion of mutation {unknown}
 L - a potion of invisibility {unknown}
 N - a potion of berserk rage {unknown}

Dungeon Overview and Level Annotations

Branches:
Dungeon (8/15) Zot: 26660  Temple (1/1) D:4 Zot: 5870
   Lair: D:8-11

Altars:
Ashenzari
Cheibriados
Dithmenos
Elyvilon
Fedhas
Gozag
Hepliaklqana
Kikubaaqudgha
Makhleb
Nemelex Xobeh
Okawaru
Qazlal
Ru
Sif Muna
Trog
Uskayaw
Vehumet
Wu Jian
Xom
Yredelemnul
Zin
The Shining One

Shops:
D:1 ([(   D:4 *   D:7 (

Annotations:
D:8 Pikel

##...)........
#...........#
#.....)..####
#...#....##
#..####..##
#..# ##.## >.#
#..# ##.##
#@5## #5K.##
#5$$.# $
#....#
#.....>#
#.......# $
.........#
#........(..#
##.........##


You could see Pikel and 3 lemures.


Message History

Casting: Stone Arrow (mildly dangerous; 3% risk of failure)
Confirm with . or Enter, or press ? or * to list all spells.
You don't have enough magic to cast this spell.
Casting: Stone Arrow (mildly dangerous; 3% risk of failure)
Confirm with . or Enter, or press ? or * to list all spells.
You don't have enough magic to cast this spell.
Casting: Stone Arrow (mildly dangerous; 3% risk of failure)
Confirm with . or Enter, or press ? or * to list all spells.
You don't have enough magic to cast this spell.
Things that are here:
9 gold pieces; a +0 whip {mace} Pikel cracks his whip.
The lemure hits you but does no damage. 😎 MP[+1]
You hit the lemure but do no damage. Lightning courses through the lemure!
The lemure barely misses you.
You hit the lemure but do no damage. The lemure hits you.
A lemure comes into view. 😕 HP[-4]
You take 4 damage, and now have 79/83 hp.
You hit the lemure but do no damage. Lightning courses through the lemure!
The lemure hits you!
A lemure comes into view. 😕 HP[-6]
You take 6 damage, and now have 73/83 hp.
You hit the lemure but do no damage. The lemure hits you but does no damage.
Pikel hits you but does no damage. 😕 HP[+1]
You hit the lemure. The lemure hits you but does no damage.
Pikel hits you with a +2 whip of freezing.
Pikel freezes you. 😕 HP[-5]
You take 5 damage, and now have 69/83 hp.
You hit the lemure but do no damage. The lemure hits you but does no damage.
Pikel hits you with a +2 whip of freezing!
Pikel freezes you. 😮 HP[-10]
You take 10 damage, and now have 59/83 hp.
You hit the lemure but do no damage. The lemure hits you.
Pikel completely misses you. 😮 MP[+1]
You hit the lemure. The lemure hits you but does no damage.
Pikel hits you with a +2 whip of freezing.
Pikel freezes you. 😮 HP[-8]
You take 8 damage, and now have 51/83 hp.
You closely miss the lemure.
Pikel hits you with a +2 whip of freezing.
Pikel freezes you. 😮 HP[-3]
You take 3 damage, and now have 48/83 hp.
You closely miss the lemure. The lemure barely misses you.
The lemure closely misses you.
Pikel hits you but does no damage. 😮 HP[+1]
You hit Pikel. The lemure hits you but does no damage.
The lemure completely misses you.
Pikel hits you but does no damage. 😮 HP[+1]
You hit Pikel but do no damage. The lemure hits you.
The lemure barely misses you.
Pikel hits you with a +2 whip of freezing!
* * * LOW HITPOINT WARNING * * *
Pikel freezes you.
* * * LOW HITPOINT WARNING * * *
😨 HP[-15]
You take 15 damage, and now have 35/83 hp.
Unknown command.
Casting: Stone Arrow (mildly dangerous; 3% risk of failure)
Confirm with . or Enter, or press ? or * to list all spells.
You don't have enough magic to cast this spell.
Casting: Stone Arrow (mildly dangerous; 3% risk of failure)
Confirm with . or Enter, or press ? or * to list all spells.
Aiming: Sandblast (safe; 1% risk of failure)
Press: ? - help, Shift-Dir - straight line, f - Pikel, p - lemure
Aim: Pikel, wielding a +2 whip of freezing and wearing a +0 robe (lightly wounded, 80% to hit)
The blast of sand hits Pikel!
The lemure closely misses you.
Pikel hits you with a +2 whip of freezing!
* * * LOW HITPOINT WARNING * * *
Pikel freezes you.
* * * LOW HITPOINT WARNING * * *
The lemure closely misses you. The lemure hits you.
* * * LOW HITPOINT WARNING * * *
The lemure hits you but does no damage.
Pikel hits you with a +2 whip of freezing.
* * * LOW HITPOINT WARNING * * *
Pikel freezes you.
* * * LOW HITPOINT WARNING * * *
😱 HP[-20]
You take 20 damage, and now have 15/83 hp.
MASSIVE DAMAGE!! (PAUSE)
Okay, then.
Aiming: Mindburst
Press: ? - help, Shift-Dir - straight line, f/p - Pikel
Aim: Pikel, wielding a +2 whip of freezing and wearing a +0 robe (moderately wounded, chance to affect: 64%) Pikel's mind is blasted.
The lemure hits you but does no damage. The lemure barely misses you.
Pikel hits you with a +2 whip of freezing!
* * * LOW HITPOINT WARNING * * *
Pikel freezes you.
You die...
Your body crumbles into a pile of gold.

Skill      XL: |  1  2  3  4  5  6  7  8  9 |
---------------+----------------------------+-----
Fighting       | 1 2 3 4 5 6 7 |  7.2
Earth Magic    | 3 4 5 |  5.8
Spellcasting   | 3 4 5 6 |  6.5
Armour         | 1 2 3 4 |  4.0
Transmutations | 1 2 |  2.5
Conjurations   | 2 |  2.3
Summonings     | 2 |  2.2
Dodging        | |  1.7
Stealth        | |  1.4

Action                   |  1- 3 |  4- 6 |  7- 9 || total
-------------------------+-------+-------+-------++-------
Melee: Punch             |     2 |     2 |     2 ||     6
       Unarmed           |     1 |       |       ||     1
       Dagger            |    30 |    73 |    97 ||   200
 Cast: Sandblast         |    43 |    60 |    69 ||   172
       Stone Arrow       |       |       |    38 ||    38
       Petrify           |       |       |     1 ||     1
       Call Canine Famil |       |       |     4 ||     4
       Animate Armour    |       |       |     2 ||     2
Invok: Potion Petition   |       |       |     1 ||     1
Evoke: Wand              |       |       |     1 ||     1
  Use: Scroll            |       |     7 |     7 ||    14
 Stab: Sleeping          |     1 |     2 |     2 ||     5
       Petrified         |       |       |     9 ||     9
Armor: Robe              |    15 |    37 |    50 ||   102
Dodge: Dodged            |    16 |    70 |    75 ||   161

Levels and vault maps discovered:
D:1:      erik_arrival_triangle_large, layout_loops_cross,
          chequers_ecumenical_altar_twisty, serial_shops, shop,
          nicolae_shop_stone, nicolae_shop_temple_entry_statues_fountains,
          kennysheep_flooded_box
D:2:      layout_loops_corners, minivault_11
D:3:      minmay_general_purpose_star, layout_basic, old_standard_altar,
          uniq_terence
D:4:      minmay_bubble_buster, layout_loops_ring,
          grunt_temple_overflow_holy_war, lemuel_round_altar,
          makhleb_blood_cavern_becter, minmay_temple_entry_offerings,
          nicolae_shop_sticking_my_neck_out, uniq_menkaure
D:5:      layout_loops_corners
D:6:      layout_loops_corners, nicolae_sif_muna_little_library
D:7:      layout_basic, chequers_temple_overflow_statue_of_worship,
          serial_shops, nicolae_shop_bloodbath_and_beyond, corexii_corridor_pit,
          minmay_a_box_with_orc_wizards_in_it
D:8:      layout_layer_cave, minmay_statues_item,
          chequers_serial_rivers_micro_b, uniq_pikel
Temple:   jpeg_temple_clearing

Notes
Turn   | Place    | Note
-------+----------+-------------------------------------------
     0 | D:1      | spaghetti the Ogre Earth Elementalist began the quest for
                  | the Orb.
     0 | D:1      | Reached XP level 1. HP: 16/16 MP: 3/3
     0 | D:1      | magus.rc [v1.9.6]
   218 | D:1      | Reached skill level 1 in Fighting
   289 | D:1      | Reached XP level 2. HP: 26/27 MP: 3/5
   424 | D:1      | Found Fubb's Antique Armour Boutique.
   515 | D:1      | Found a faded altar of an unknown god.
   566 | D:1      | Found Gedysurror's Antique Weapon Shop.
   609 | D:1      | Reached skill level 3 in Earth Magic
   803 | D:1      | Found Reoczi's Weapon Shop.
  1224 | D:2      | Reached skill level 3 in Spellcasting
  1224 | D:2      | Reached XP level 3. HP: 35/35 MP: 4/7
  1228 | D:2      | Learned a level 3 spell: Stone Arrow
  1328 | D:2      | Reached skill level 2 in Fighting
  2154 | D:3      | Found an ornate altar of the Wu Jian Council.
  2182 | D:3      | Reached XP level 4. HP: 16/44 MP: 3/8
  2581 | D:3      | Noticed Terence
  2591 | D:3      | HP: 8/44 [Terence/+0 vorpal mace (5)]
  2592 | D:3      | Killed Terence
  3062 | D:3      | Reached skill level 3 in Fighting
  3208 | D:3      | Reached XP level 5. HP: 43/53 MP: 8/10
  3549 | D:3      | You pick up a book of Iron and begin reading...
  3549 | D:3      | You add the spells Animate Armour, Blade Hands and Iron
                  | Shot to your library.
  3811 | D:4      | Found Faelufeo's Neck Hole.
  3831 | D:4      | HP: 13/53 [ufetubus (2)]
  4177 | D:4      | Found a staircase to the Ecumenical Temple.
  4190 | Temple   | Entered the Ecumenical Temple
  4194 | D:4      | You pick up a book of Dreams and begin reading...
  4194 | D:4      | You add the spells Ensorcelled Hibernation, Spider Form and
                  | Anguish to your library.
  4331 | Temple   | Became a worshipper of Gozag Ym Sagoz the Greedy
  4406 | D:4      | Reached skill level 1 in Armour
  4433 | D:4      | Noticed an ogre
  4442 | D:4      | HP: 7/53 [ogre/+0 giant club (20)]
  4443 | D:4      | Killed an ogre
  4444 | D:4      | Reached skill level 4 in Spellcasting
  4444 | D:4      | Reached XP level 6. HP: 5/62 MP: 3/12
  4864 | D:4      | Reached skill level 4 in Fighting
  4864 | D:4      | Reached skill level 4 in Earth Magic
  5085 | D:4      | Found a basalt altar of Yredelemnul.
  5092 | D:4      | Noticed Menkaure
  5098 | D:4      | Killed Menkaure
  5099 | D:4      | Reached skill level 2 in Armour
  5217 | D:4      | Found a glowing golden altar of the Shining One.
  5335 | D:4      | Found an ancient bone altar of Kikubaaqudgha.
  5409 | D:4      | Found a burning altar of Makhleb.
  5413 | D:4      | Reached XP level 7. HP: 71/71 MP: 11/14
  5535 | D:4      | Noticed an angel
  5559 | D:5      | Entered Level 5 of the Dungeon
  5675 | D:5      | Learned a level 4 spell: Petrify
  5680 | D:5      | Learned a level 4 spell: Animate Armour
  5741 | D:5      | Reached skill level 5 in Fighting
  5852 | D:5      | Reached skill level 5 in Spellcasting
  5852 | D:5      | Reached skill level 1 in Transmutations
  6283 | D:5      | Reached XP level 8. HP: 81/81 MP: 13/15
  6508 | D:5      | Reached skill level 1 in Conjurations
  6678 | D:6      | Reached skill level 3 in Armour
  6678 | D:6      | Reached skill level 1 in Summonings
  6840 | D:6      | You pick up a book of Alchemy and begin reading...
  6840 | D:6      | You add the spells Sublimation of Blood and Irradiate to
                  | your library.
  6954 | D:6      | Reached skill level 5 in Earth Magic
  7089 | D:6      | Learned a level 5 spell: Irradiate
  7414 | D:6      | Reached skill level 6 in Fighting
  7817 | D:6      | Found a shimmering blue altar of Sif Muna.
  7940 | D:4      | Bought a +1 cloak for 149 gold pieces
  8040 | D:1      | Bought a runed hat for 168 gold pieces
  8291 | D:7      | Found a broken altar of Ashenzari.
  8297 | D:7      | Reached skill level 2 in Transmutations
  8380 | D:7      | Found a stormy altar of Qazlal.
  8383 | D:7      | Reached skill level 6 in Spellcasting
  8420 | D:7      | You pick up a book of the Hunter and begin reading...
  8420 | D:7      | You add the spells Call Canine Familiar, Portal Projectile
                  | and Leda's Liquefaction to your library.
  8575 | D:7      | Found Qanim's Weapon Emporium.
  9013 | D:7      | You pick up a book of Touch and begin reading...
  9013 | D:7      | You add the spells Static Discharge, Sticky Flame and
                  | Dispel Undead to your library.
  9068 | D:7      | Noticed a hornet
  9072 | D:7      | Paralysed by a hornet for 3 turns
  9089 | D:7      | Killed a hornet
  9090 | D:7      | Reached skill level 2 in Conjurations
  9090 | D:7      | Reached skill level 2 in Summonings
  9090 | D:7      | Reached XP level 9. HP: 51/92 MP: 14/18
  9174 | D:7      | Learned a level 3 spell: Call Canine Familiar
  9483 | D:8      | Reached skill level 7 in Fighting
  9490 | D:8      | Reached skill level 4 in Armour
  9650 | D:8      | Noticed Pikel
  9669 | D:8      | HP: 16/83 [Pikel/+2 whip of freezing (5)]
  9670 | D:8      | HP: 4/83 [Pikel/+2 whip of freezing (12)]
  9670 | D:8      | Slain by Pikel

Vanquished Creatures
  A hornet (D:7)
  Menkaure (D:4)
  An ice beast (D:7)
  2 ogres
  A centaur (D:6)
  A lemure (D:8)
  A bullfrog (D:7)
  A kobold brigand (D:6)
  A gnoll sergeant (D:6)
  3 necrophages
  A scorpion (D:5)
  4 wights (D:8)
  2 howler monkeys
  4 hounds
  An orc priest (D:8)
  A jelly (D:5)
  A gnoll bouda (D:6)
  Terence (D:3)
  4 iguanas
  4 orc wizards (D:7)
  8 gnolls (D:6)
  6 adders
  2 white imps
  An ufetubus (D:4)
  4 worms
  4 dart slugs
  11 orcs
  6 bats
  12 endoplasms
  2 giant cockroaches (D:4)
  7 goblins
  6 hobgoblins
  2 jackals (D:4)
  17 kobolds
  2 quokkas
  7 ball pythons
  3 frilled lizards
  5 rats
141 creatures vanquished.

Vanquished Creatures (collateral kills)
  A bullfrog (D:8)
  An orc wizard (D:8)
2 creatures vanquished.

Grand Total: 143 creatures vanquished

Table legend:
 A = Non-vault XP
 B = Vault XP
 C = Vault XP percentage of total XP
 D = Non-vault monster count
 E = Vault monster count
 F = Vault count percentage of total count
                 A         B        C        D         E       F
            +---------+---------+-------+---------+---------+-------
      Total |    2509 |     594 |  19.1 |     126 |      16 |  11.3
            +---------+---------+-------+---------+---------+-------
        D:1 |      24 |       0 |   0.0 |      14 |       0 |   0.0
        D:2 |      29 |       0 |   0.0 |      16 |       0 |   0.0
        D:3 |      62 |      56 |  47.5 |      24 |       3 |  11.1
        D:4 |      37 |     432 |  92.1 |      15 |      10 |  40.0
        D:5 |     673 |       0 |   0.0 |      16 |       0 |   0.0
        D:6 |     609 |       0 |   0.0 |      21 |       0 |   0.0
        D:7 |     591 |     106 |  15.2 |       8 |       3 |  27.3
        D:8 |     484 |       0 |   0.0 |      12 |       0 |   0.0
            +---------+---------+-------+---------+---------+-------

Illustrated notes

Table legend:
 A = Kills in this place as a percentage of kills in entire the game.
 B = Kills by you in this place as a percentage of kills by you in the entire game.
 C = Kills by friends in this place as a percentage of kills by friends in the entire game.
 D = Other kills in this place as a percentage of other kills in the entire game.
 E = Experience gained in this place as a percentage of experience gained in the entire game.
 F = Experience gained in this place divided by the number of levels of this place that you have seen.
                   A       B       C       D       E      F
               +-------+-------+-------+-------+-------+----------------------
         Total | 100.0 | 100.0 | 100.0 |   N/A | 100.0 | 344.8
       Dungeon | 100.0 | 100.0 | 100.0 |   N/A | 100.0 | 387.9
               +-------+-------+-------+-------+-------+----------------------

Table legend: (Time is in decaauts)
 A = Elapsed time spent in this place.
 B = Non-inter-level travel time spent in this place.
 C = Inter-level travel time spent in this place.
 D = Time resting spent in this place.
 E = Time spent auto-exploring this place.
 F = Levels seen in this place.
 G = Mean time per level.
                   A        B        C        D        E       F      G
               +--------+--------+--------+--------+--------+-----+--------+
         Total |   9768 |   9356 |    412 |    524 |   7730 |   9 | 1085.3 |
       Dungeon |   9639 |   9242 |    397 |    524 |   7634 |   8 | 1204.9 |
        Temple |    129 |    114 |     15 |      0 |     96 |   1 |  129.0 |
               +--------+--------+--------+--------+--------+-----+--------+

Top non-repeatable levels by time:
     D:4: 1957 daAuts
     D:3: 1502 daAuts
     D:2: 1240 daAuts
     D:5: 1228 daAuts
     D:6: 1218 daAuts
     D:7: 1147 daAuts
     D:1: 1005 daAuts
     D:8: 338 daAuts
  Temple: 129 daAuts
